 Dungeon Crawl Stone Soup version 0.31.0-1-g2c135a0 (webtiles) character file.

Game seed: 4971059356098738103

20076 brinewave the Cleaver (level 12, -5/65 HPs)
             Began as a Spriggan Berserker on Jan 22, 2024.
             Was a High Priest of Trog.
             Slain by a culicivora (20 damage)
             ... on level 2 of the Lair of Beasts.
             The game lasted 00:45:33 (14549 turns).

brinewave the Cleaver (Spriggan Berserker)         Turns: 14549, Time: 00:45:33

Health: -5/65      AC:  7    Str: 17    XL:     12   Next: 42%
Magic:  4/4        EV: 24    Int:  9    God:    Trog [*****.]
Gold:   825        SH:  5    Dex: 17    Spells: 11/11 levels left

rFire   . . .        G - +6 war axe of Evil {antimagic, rElec Dex+2 Stlth+}
rCold   . . .        I - +0 buckler
rNeg    + + .        d - +1 robe {rN+}
rPois   .            (helmet restricted)
rElec   +            (no cloak)
rCorr   .            (gloves unavailable)
SInv    +            (boots unavailable)
Will    ++...        (no amulet)
Stlth   ++++         h - +4 ring of protection
HPRegen 0.30/turn    B - ring of positive energy
MPRegen 0.09/turn

%: no passive effects
@: very quick
A: very small, no large weapons, unfitting armour, see invisible, speed 3
a: Renounce Religion, Berserk, Trog's Hand, Brothers in Arms


You were on level 2 of the Lair of Beasts.
You worshipped Trog.
Trog was extremely pleased with you.
You visited 3 branches of the dungeon, and saw 14 of its levels.
You also visited: Bailey.

You collected 825 gold pieces.

Inventory:

Hand Weapons
 m - the +5 war axe of Pandemonium {speed, rPois rF+++ rC- MP-9}
   (You found it on level 2 of the Dungeon)

   rF+++:     It renders you almost immune to fire.
   rC-:       It makes you vulnerable to cold.
   rPois:     It protects you from poison MP-9: It affects your magic capacity
   (-9).
 p - a +2 dagger of draining
 s - a +4 war axe
 G - the +6 war axe of Evil (weapon) {antimagic, rElec Dex+2 Stlth+}
   (You acquired it in a bailey)

   Dex+2:     It affects your dexterity (+2).
   rElec:     It insulates you from electricity.
   Stlth+:    It makes you more stealthy.
Missiles
 o - 16 boomerangs (quivered)
 y - 3 curare-tipped darts
 K - a poisoned dart
Armour
 d - a +1 robe of positive energy (worn)
 k - a +0 cloak
 I - a +0 buckler (worn)
Jewellery
 b - an amulet of regeneration
 h - a +4 ring of protection (left hand)
 x - a +6 ring of dexterity
 B - a ring of positive energy (right hand)
 J - a ring of flight
 N - a ring of resist corrosion
Talismans
 a - a blade talisman
Wands
 l - a wand of light (9)
 t - a wand of paralysis (7)
 u - a wand of mindburst (16)
 M - a wand of roots (6)
Scrolls
 g - 2 scrolls of teleportation
 j - 2 scrolls of fear
 q - a scroll of noise {unknown}
 v - 2 scrolls of revelation
 z - a scroll of enchant armour {unknown}
 C - a scroll of blinking
 D - a scroll of enchant weapon
 E - a scroll of fog {unknown}
 H - a scroll of amnesia {unknown}
Potions
 c - 3 potions of lignification
 e - 2 potions of heal wounds
 f - 2 potions of cancellation
 i - 2 potions of curing {unknown}
 n - a potion of mutation
 r - 2 potions of brilliance {unknown}
 w - 2 potions of magic
 A - a potion of invisibility
 F - a potion of might
 L - 2 potions of berserk rage {unknown}


   Skills:
 + Level 8.3 Fighting
 + Level 1.6 Short Blades
 + Level 13.3 Axes
 + Level 3.5 Throwing
 + Level 11.2 Dodging
 + Level 5.7 Stealth
 + Level 1.8 Shields
 + Level 0.6 Evocations


You had 11 spell levels left.
You didn't know any spells.
Your spell library was empty.

Dungeon Overview and Level Annotations

Branches:
Dungeon (11/15)            Temple (1/1) D:7            Lair (2/5) D:9
    Orc (0/2) D:11         Bailey (visited)
  Swamp: Lair:2-3    Shoals: Lair:2-3     Snake: Lair:2-3    Spider: Lair:2-3

Altars:
Ashenzari
Cheibriados
Dithmenos
Elyvilon
Fedhas
Gozag
Hepliaklqana
Kikubaaqudgha
Makhleb
Nemelex Xobeh
Okawaru
Qazlal
Ru
Sif Muna
Trog
Uskayaw
Vehumet
Wu Jian
Xom
Yredelemnul
Zin
The Shining One

Annotations:
D:2 1 runed translucent door, Crazy Yiuf
D:9 1 runed translucent door
D:10 Sonja


Innate Abilities, Weirdness & Mutations

You are very small and have problems with some larger weapons.
You are too small for most types of armour.
You have supernaturally acute eyesight. (SInv)
You cover ground extremely quickly. (Speed+++)


Message History

You kill the culicivora!
Trog accepts your kill.
A culicivora is nearby!
A culicivora comes into view.
Found 7 gold pieces.
The culicivora's many legs skitter faintly.
You miss the culicivora. The culicivora completely misses you.
You hit the culicivora.
The culicivora is lightly wounded.
The culicivora bites you!!
The culicivora chitters at the culicivora.
The culicivora's wounds heal themselves!
The culicivora attacks as it pursues you!
The culicivora barely misses you. The culicivora closely misses you.
You hit the culicivora.
The culicivora is lightly wounded.
The culicivora misses you.
The culicivora chitters at the culicivora.
The culicivora's wounds heal themselves!
You completely miss the culicivora. The culicivora misses you.
The culicivora closely misses you.
You barely miss the culicivora. The culicivora barely misses you.
You slash the culicivora!
The culicivora is heavily wounded.
The culicivora barely misses you.
You slash the culicivora!
The culicivora is severely wounded.
You block the culicivora's attack.
The culicivora chitters at the culicivora.
The culicivora is healed somewhat.
You hit the culicivora.
The culicivora is heavily wounded.
The culicivora bites you!! The culicivora bites you!
* * * LOW HITPOINT WARNING * * *
The culicivora draws strength from your injuries!
You closely miss the culicivora.
The culicivora is heavily wounded.
The culicivora bites you!!
You die...

#.##................
##.....^...##.. ...#
##...........# # ...
#..............
##............# .
#####...........#
.##
#.†####.......###
#..##.^..##......##
#.†...ss@.....##
#......##....##
##.....##...##
##..##.#..##
#.#.#.#.## ..(
#.#... ..... #....
....†$. #..# ##..##.
#...


You could see 2 culicivoras.

Vanquished Creatures
  An orc warlord (Bailey)
  A hydra (Lair:2)
  3 two-headed ogres
  An orc knight (Bailey)
  A torpor snail (Lair:1)
  6 elephants (Lair:2)
  An unseen horror (D:10)
  4 cane toads (Lair:1)
  A rime drake (Lair:1)
  3 komodo dragons (Lair:1)
  A troll (D:9)
  A hornet (D:9)
  3 blink frogs (Lair:1)
  A culicivora (Lair:2)
  Sigmund (D:6)
  2 wyverns
  26 yaks
  Edmund (D:6)
  7 water moccasins
  Duvessa (D:6)
  3 black bears
  2 ice beasts (D:7)
  15 orc warriors
  4 ogres
  A wolf (D:9)
  3 centaurs
  4 phantoms
  2 kobold brigands
  A gnoll sergeant (D:9)
  8 bullfrogs
  3 scorpions
  4 wights (D:10)
  Dowan (D:6)
  4 electric eels (D:9)
  7 hounds
  3 jellies
  A bombardier beetle (D:6)
  A gnoll bouda (D:7)
  6 orc priests
  2 sleepcaps
  3 iguanas
  10 orc wizards
  7 hell rats (Lair:1)
  15 gnolls
  5 adders
  A shadow imp (D:6)
  3 white imps (D:5)
  3 ribbon worms
  A dart slug (D:3)
  45 orcs
  10 ball pythons
  4 bats
  5 endoplasms
  4 giant cockroaches
  21 goblins
  14 hobgoblins
  7 jackals
  9 kobolds
  6 quokkas
  A frilled lizard (D:3)
  5 rats
320 creatures vanquished.

Notes
Turn   | Place    | Note
-------+----------+-------------------------------------------
     0 | D:1      | brinewave the Spriggan Berserker began the quest for the
                  | Orb.
     0 | D:1      | Reached XP level 1. HP: 11/11 MP: 2/2
   235 | D:1      | Reached XP level 2. HP: 10/16 MP: 3/3
   820 | D:2      | Reached XP level 3. HP: 13/19 MP: 4/4
   859 | D:2      | Found a runed translucent door.
   860 | D:2      | Noticed Crazy Yiuf
  1180 | D:2      | Reached ** piety under Trog
  1205 | D:2      | Reached skill level 3 in Axes
  1273 | D:2      | Identified the +5 war axe of Pandemonium {speed, rPois
                  | rF+++ rC- MP-9}
  1688 | D:3      | Noticed an ogre
  1696 | D:3      | Killed an ogre
  1697 | D:3      | Reached skill level 1 in Stealth
  1697 | D:3      | Reached XP level 4. HP: 24/24 MP: 0/5
  1715 | D:3      | Reached XP level 5. HP: 24/28 MP: 0/6
  1802 | D:3      | Found a shimmering altar of Xom.
  2133 | D:3      | Reached skill level 5 in Dodging
  2242 | D:3      | Found a sacrificial altar of Ru.
  2393 | D:4      | Found a blossoming altar of Fedhas.
  2514 | D:4      | Reached skill level 4 in Axes
  2656 | D:4      | Reached XP level 6. HP: 29/32 MP: 0/7
  2697 | D:4      | Reached *** piety under Trog
  3099 | D:4      | Found a sparkling altar of Nemelex Xobeh.
  3243 | D:4      | Reached skill level 5 in Axes
  3334 | D:4      | Reached XP level 7. HP: 29/36 MP: 0/8
  3410 | D:5      | Entered Level 5 of the Dungeon
  3686 | D:5      | Reached skill level 6 in Axes
  3814 | D:5      | Reached XP level 8. HP: 20/42 MP: 0/9
  4331 | D:5      | Reached skill level 7 in Axes
  4402 | D:6      | Noticed Edmund
  4419 | D:6      | Killed Edmund
  4920 | D:6      | Reached skill level 8 in Axes
  4926 | D:6      | Reached skill level 5 in Fighting
  4926 | D:6      | Reached XP level 9. HP: 9/47 MP: 1/10
  5445 | D:6      | Noticed Sigmund
  5451 | D:6      | Noticed Duvessa
  5454 | D:6      | Killed Sigmund
  5454 | D:6      | Noticed Dowan
  5455 | D:6      | Reached skill level 9 in Axes
  5464 | D:6      | Killed Duvessa
  5468 | D:6      | Killed Dowan
  5580 | D:6      | Reached **** piety under Trog
  5876 | D:7      | Found a staircase to the Ecumenical Temple.
  6012 | D:7      | Found a white marble altar of Elyvilon.
  6054 | D:7      | Found a basalt altar of Yredelemnul.
  6134 | Temple   | Entered the Ecumenical Temple
  6414 | D:7      | Found a glowing golden altar of the Shining One.
  7015 | D:8      | Found a flagged portal.
  7029 | D:8      | Reached skill level 10 in Axes
  7038 | D:8      | Reached XP level 10. HP: 53/53 MP: 2/11
  7068 | Bailey   | Entered a bailey
  7163 | Bailey   | Reached skill level 5 in Stealth
  7274 | Bailey   | HP: 1/53 [orc warrior/+0 war axe (10)]
  7422 | Bailey   | Noticed an orc knight
  7462 | Bailey   | Killed an orc knight
  7554 | Bailey   | Reached ***** piety under Trog
  7590 | Bailey   | Reached skill level 1 in Throwing
  7662 | Bailey   | Noticed an orc warlord
  7776 | Bailey   | Killed an orc warlord
  7784 | Bailey   | Reached skill level 11 in Axes
  7938 | Bailey   | Acquired the +6 war axe of Evil {antimagic, rElec Dex+2
                  | Stlth+}
  9383 | D:9      | Found a staircase to the Lair.
  9580 | D:9      | Found a runed translucent door.
  9580 | D:9      | Noticed a sixfirhy
 10505 | D:9      | Noticed a two-headed ogre
 10534 | D:9      | Killed a two-headed ogre
 10535 | D:9      | Reached XP level 11. HP: 28/58 MP: 3/12
 10719 | D:9      | Noticed a two-headed ogre
 10729 | D:9      | Killed a two-headed ogre
 10941 | D:10     | Entered Level 10 of the Dungeon
 11015 | D:10     | Noticed a two-headed ogre
 11025 | D:10     | Killed a two-headed ogre
 11294 | D:10     | Noticed Sonja
 11858 | D:11     | Found a staircase to the Orcish Mines.
 11893 | D:11     | Reached skill level 12 in Axes
 12102 | Lair:1   | Entered Level 1 of the Lair of Beasts
 12879 | Lair:1   | Reached skill level 10 in Dodging
 13123 | Lair:1   | Reached skill level 1 in Shields
 13415 | Lair:1   | Reached XP level 12. HP: 52/64 MP: 4/13
 13797 | Lair:1   | Received a gift from Trog
 13861 | Lair:2   | Noticed a four-headed hydra
 13879 | Lair:2   | Killed a four-headed hydra
 14077 | Lair:2   | Reached skill level 13 in Axes
 14085 | Lair:2   | Reached skill level 1 in Short Blades
 14549 | Lair:2   | Slain by a culicivora

Illustrated notes

Levels and vault maps discovered:
D:1:      scummos_arrival_gate, layout_basic
D:2:      layout_loops_corners, uniq_crazy_yiuf_cottage
D:3:      layout_basic, nicolae_ru_path_of_blood, amcnicky_altar_gilded
D:4:      layout_basic, fedhas_altar_3, marbit_many_paths,
          serial_library_hellmonk_hallway_a, kennysheep_dice
D:5:      layout_basic
D:6:      layout_layer_cave, nrook_mini_vaults, uniq_sigmund, uniq_duvessa,
          uniq_edmund
D:7:      layout_loops_ring, mainiacjoe_overflow_tiny_flanked,
          mainiacjoe_overflow_surrounded_room, kennysheep_little_box,
          minmay_temple_entry_slanted
D:8:      layout_gridville, enter_bailey_5
D:9:      cheibrodos_shockbox, layout_rooms, erik_lair_island
D:10:     layout_basic, nicolae_letterblocks [nicolae_letter_subblock,
          nicolae_letter_subblock, nicolae_letter_subblock,
          nicolae_letter_subblock, nicolae_letter_subblock,
          nicolae_letter_subblock, nicolae_letter_subblock,
          nicolae_letter_subblock, nicolae_letter_subblock,
          nicolae_letter_subblock, nicolae_letter_subblock,
          nicolae_letter_subblock, nicolae_letter_subblock,
          nicolae_letter_subblock, nicolae_letter_subblock,
          nicolae_letter_subblock, nicolae_letter_subblock,
          nicolae_letter_subblock, nicolae_letter_subblock,
          nicolae_letter_subblock, nicolae_letter_subblock,
          nicolae_letter_subblock, nicolae_letter_subblock,
          nicolae_letter_subblock, nicolae_letter_subblock], uniq_sonja
D:11:     layout_basic, minmay_orc_entry_temple_small
Temple:   nicolae_temple_no_exploring_needed
Lair:1:   layout_regular_city, st_stairs_4, grunt_forest_small_clearing_treed,
          grunt_megastairs_4
Lair:2:   layout_cave_pods, hellmonk_spider_entry_life_and_decay,
          serial_bayou_shore_b

Skill      XL: |  1  2  3  4  5  6  7  8  9 10 11 12 |
---------------+-------------------------------------+-----
Axes           | 3 4 5 6 8 10 11 12 13 | 13.3
Fighting       | 3 4 5 6 7 8 |  8.3
Stealth        | 1 3 4 5 |  5.7
Dodging        | 5 6 7 9 10 11 | 11.2
Throwing       | 2 3 |  3.5
Shields        | 1 |  1.8
Short Blades   | 1 |  1.6
Evocations     | |  0.6

Action                     |  1- 3 |  4- 6 |  7- 9 | 10-12 || total
---------------------------+-------+-------+-------+-------++-------
  Melee: Hand axe          |    93 |       |       |       ||    93
         Punch             |     2 |     1 |     1 |     3 ||     7
         War axe           |    18 |   120 |   306 |   665 ||  1109
         Dagger            |       |       |       |    28 ||    28
  Throw: Boomerang         |       |       |       |    31 ||    31
         Dart              |       |       |       |    13 ||    13
 Invoke: Berserk           |     2 |       |     4 |     9 ||    15
         Trog's Hand       |       |       |     2 |     1 ||     3
  Evoke: Wand              |       |       |       |     3 ||     3
    Use: Scroll            |       |       |     9 |     9 ||    18
         Potion            |       |       |       |     8 ||     8
   Stab: Sleeping          |     2 |     6 |     2 |     3 ||    13
         Distracted        |       |       |     1 |     1 ||     2
 Armour: Animal skin       |    40 |    33 |    96 |    84 ||   253
         Robe              |       |       |       |   125 ||   125
  Dodge: Dodged            |    80 |    67 |   212 |   474 ||   833
  Block: Buckler           |       |       |       |    84 ||    84
